 Dungeon Crawl Stone Soup version 0.31-a0-263-ge8cad7f256 (webtiles) character file.

Game seed: 18325805987153613281

65 GloriousHammer the Insei (level 3, -8/29 HPs)
             Began as a Demigod Shapeshifter on July 13, 2023.
             Mangled by a gnoll
             ... wielding a +0 halberd
              (10 damage)
             ... on level 2 of the Dungeon.
             The game lasted 00:04:06 (2056 turns).

GloriousHammer the Insei (Demigod Shapeshifter)     Turns: 2056, Time: 00:04:07

Health: -8/29      AC:  2    Str: 16    XL:     3   Next: 66%
Magic:  5/5        EV: 12    Int: 10    God:
Gold:   83         SH:  0    Dex: 18    Spells: 2/2 levels left

rFire   . .          .
                       - Unarmed
rCold   . . .        (no shield)
rNeg    . . .        a - +0 animal skin
rPois   .            (helmet currently unavailable)
rElec   .            (cloak currently unavailable)
rCorr   .            (gloves currently unavailable)
SInv    .            (boots currently unavailable)
Will    .....        (no amulet)
Stlth   ++           (no ring)
HPRegen 0.24/turn    (no ring)
MPRegen 0.09/turn

%: no passive effects
@: beast-form
A: beast (slay +2), high MP 1, forlorn, divine attributes
a: Begin Untransformation


You were on level 2 of the Dungeon.
You were a hulking beast.
You visited 1 branch of the dungeon, and saw 2 of its levels.

You collected 83 gold pieces.

Inventory:

Hand Weapons
 h - a +0 sling
Armour
 a - a +0 animal skin (worn)
 i - a +0 helmet
Talismans
 c - a beast talisman
Scrolls
 e - a scroll of silence {unknown}
 f - a scroll of enchant weapon {unknown}
 g - a scroll of teleportation {unknown}
Potions
 b - 2 potions of curing {unknown}
 d - a potion of heal wounds {unknown}
 j - a potion of berserk rage {unknown}


   Skills:
 - Level 1.7 Fighting
 - Level 1.7 Dodging
 * Level 3.3 Unarmed Combat
 + Level 3.1 Shapeshifting


You had 2 spell levels left.
You didn't know any spells.
Your spell library was empty.

Dungeon Overview and Level Annotations

Branches:
Dungeon (2/15)

Annotations:
D:1 2 transporters, exclusion: downstairs


Innate Abilities, Weirdness & Mutations

You are a hulking beast.
Your limbs bulge with bestial killing power. (Slay +2)
You have an increased reservoir of magic. (+10% MP)
You shall have no god before yourself.
Your divine heritage dramatically boosts your attributes as you level up.


Message History

You hit Robin.
You kill Robin!
There is a stone staircase leading up here.
You climb upwards.
Level annotation: 2 transporters, exclusion: downstairs
There is a stone staircase leading down here.
You start resting.
HP restored.
You start waiting.
Done waiting.
This staircase is marked as excluded!
Enter next level anyway?
You climb downwards.
The hobgoblin hits you. The goblin hits you with a +0 club.
The hobgoblin misses you. The goblin barely misses you.
There is a stone staircase leading up here.
You closely miss the goblin. The hobgoblin closely misses you.
The goblin misses you.
You hit the hobgoblin.
You kill the hobgoblin!
The goblin hits you with a +0 club.
You hit the goblin but do no damage. The goblin barely misses you.
You hit the goblin.
The goblin is severely wounded.
The goblin hits you with a +0 club.
You hit the goblin.
You kill the goblin!
You punch the goblin!
You kill the goblin!
The goblin shoots a sling bullet.
The sling bullet misses you. The goblin barely misses you.
Items here: )))) ††.
You hit the goblin but do no damage. You punch the goblin!
You kill the goblin!
The goblin shoots a sling bullet.
The sling bullet hits you. The goblin hits you but does no damage.
Items here: $ ))))))) [[ †††.
You hit the goblin.
You kill the goblin!
Things that are here:
a +0 sling; a +0 sling
Things that are here:
a +0 sling; a +0 sling You now have 83 gold pieces (gained 12).
Items here: ))))))) [[ †††.
Things that are here:
a +0 sling; a +0 sling
h - a +0 sling Search for what [? for help]? .
Items here: ))))))) [[ †††.
i - a +0 helmet Unknown command.
You are a level 3 Demigod Shapeshifter.
You are 66% of the way to level 4.
Play time: 00:03:13 (1639 turns).
Zot will find you in 10364 turns if you stay in this branch and explore no new floors.
Unknown command.
Okay, then.
You see here a +0 sling.
You start resting.
HP restored.
You start waiting.
Done waiting.
j - a sapphire potion A gnoll comes into view.
It is wielding a +0 spear of freezing.
The gnoll moves out of view. 2 gnolls come into view.
A gnoll is wielding a +0 spear of freezing.
The gnoll shouts! x2; You hear a shout!
A gnoll comes into view. It is wielding a +0 halberd.
There are monsters nearby!
There are monsters nearby!
A gnoll comes into view. It is wielding a +0 spear.
You closely miss the gnoll. The gnoll closely misses you.
You closely miss the gnoll. The gnoll barely misses you.
The gnoll hits you with a +0 whip!
You hit the gnoll but do no damage. The gnoll barely misses you.
The gnoll misses you. The gnoll barely misses you.
The gnoll hits you but does no damage. The gnoll hits you with a +0 spear.
You barely miss the gnoll. The gnoll closely misses you. x2
The gnoll hits you with a +0 spear. The gnoll completely misses you.
The gnoll splashes around in the water.
The gnoll hits you from afar with a +0 halberd!
The gnoll closely misses you.
Found a dagger.
There is a stone staircase leading up here.
You climb upwards.
Level annotation: 2 transporters, exclusion: downstairs
There is a stone staircase leading down here.
You start resting.
HP restored.
You start waiting.
Done waiting.
You climb downwards.
The gnoll hits you with a +0 whip! x2
The gnoll hits you from afar with a +0 halberd!
* * * LOW HITPOINT WARNING * * *
There is a stone staircase leading up, spattered with blood here.
The gnoll hits you from afar with a +0 halberd!
You die...

######.....#...#.#≈#.
..#
#####gg##.###g###..#
##.##.g..g.....#
######.#######.#.#.#
#......## #.# ..
...###...######g# ##
##.......##g....
#.....g.).#.....
#.....g.h.......
#......g).......
#.......[.#..>...
########.##.......
#.# g... ... ..) #.##
. #..


You could see 3 gnolls.

Vanquished Creatures
  Robin (D:2)
  2 adders (D:2)
  4 endoplasms (D:1)
  11 goblins
  4 hobgoblins
  2 jackals (D:1)
  A kobold (D:1)
  3 bats (D:1)
  2 frilled lizards (D:1)
  A rat (D:1)
31 creatures vanquished.

Notes
Turn   | Place    | Note
-------+----------+-------------------------------------------
     0 | D:1      | GloriousHammer the Demigod Shapeshifter began the quest for
                  | the Orb.
     0 | D:1      | Reached XP level 1. HP: 17/17 MP: 3/3
   315 | D:1      | Reached XP level 2. HP: 22/24 MP: 4/4
   794 | D:2      | HP: 1/36 [poisoned by an adder]
  1000 | D:2      | Noticed Robin
  1320 | D:2      | Reached XP level 3. HP: 17/29 MP: 5/5
  1454 | D:2      | Killed Robin
  2056 | D:2      | Mangled by a gnoll

Illustrated notes

Levels and vault maps discovered:
D:1:      spicycebolla_arrival_transporter_tutorial, layout_rooms,
          minmay_misc_feat_iff
D:2:      layout_basic, grunt_decor_cap, bh_walls_and_bars, uniq_robin,
          uniq_terence

Skill      XL: |  1  2 |
---------------+-------+-----
Unarmed Combat | 2 3 |  3.3
Shapeshifting  | 3 |  3.1
Fighting       | |  1.7
Dodging        | |  1.7

Action                     || total
---------------------------++-------
  Melee: Unarmed           ||   105
         Punch             ||     1
    Use: Potion            ||     1
 Armour: Animal skin       ||    25
         Skin              ||     1
  Dodge: Dodged            ||    83

Table legend: (Time is in decaauts)
 A = Elapsed time spent in this place.
 B = Non-inter-level travel time spent in this place.
 C = Inter-level travel time spent in this place.
 D = Time resting spent in this place.
 E = Time spent auto-exploring this place.
 F = Levels seen in this place.
 G = Mean time per level.
                   A        B        C        D        E       F      G
               +--------+--------+--------+--------+--------+-----+--------+
         Total |   2053 |   2009 |     44 |   1142 |    532 |   2 | 1026.5 |
       Dungeon |   2053 |   2009 |     44 |   1142 |    532 |   2 | 1026.5 |
               +--------+--------+--------+--------+--------+-----+--------+

Top non-repeatable levels by time:
     D:1: 1258 daAuts
     D:2: 795 daAuts
